AoeStats
← [xCs]PLO_Style

Arabian Desert

510007420Analyzed
1v1 RM · 2d ago on Sep 29, 2026· 46m 57s· 2 players
Game mode
Random Map
Map size
Tiny (2 player)
Population
200
Speed
Normal
Resources
Standard
Victory
Conquest
Starting age
Dark Age
Ending age
Imperial Age
RankedLock teamsTeams togetherTeam positionsShared explorationLock speedFull tech treeHidden civsTurbo modeCheats
Victory
Defeat
🇨🇦 Britons · Canada
1732
+18
🇦🇺 Saracens · Australia
1768
-18
[xCs]PLO_Style
8:43 Loom
11:10 Feudal Age
11:51 Double-Bit Axe
13:15 Horse Collar
21:08 Castle Age
19:57 Fletching
20:40 Padded Archer Armor
20:46 Gold Mining
21:11 Crossbowman
21:46 Bodkin Arrow
22:26 Bow Saw
23:21 Light Cavalry
26:32 Scale Barding Armor
29:02 Chain Barding Armor
31:32 Ballistics
33:21 Husbandry
40:38 Wheelbarrow
39:49 Town Watch
46:20 Imperial Age
44:03 Heavy Plow
44:52 Hand Cart
44:23 Town Watch
46:41 Yeomen
46:24 Arbalester
47:04 Bracer
48:06 Chemistry
pigrandom
4:49 Loom
9:22 Feudal Age
10:31 Double-Bit Axe
14:46 Wheelbarrow
15:16 Horse Collar
18:29 Fletching
19:38 Padded Archer Armor
22:50 Castle Age
20:47 Gold Mining
24:11 Leather Archer Armor
23:56 Bodkin Arrow
24:19 Leather Archer Armor
23:26 Elite Skirmisher
25:17 Bodkin Arrow
38:29 Bow Saw
38:23 Heavy Plow
39:03 Gold Shaft Mining
44:06 Ballistics
44:20 Husbandry
44:31 Bloodlines
47:49 Imperial Age
Connection lost

Rejoining the realm…

Still unreachable

The connection could not be restored.

Session expired

The server has moved on; the page needs a fresh start.